[Event "Mitropa Cup Women 2019"]
[Site "Radenci"]
[Date "2019.05.27"]
[Round "1.1"]
[White "Motycakova, Monika"]
[Black "Gueci, Tea"]
[Result "0-1"]
[ECO "B33"]
[WhiteElo "2150"]
[BlackElo "2251"]
[Annotator "NA"]
[PlyCount "62"]
[EventDate "2019.05.27"]
[EventType "team-tourn"]
[EventCountry "SLO"]
[SourceTitle "playchess.com"]
[Source "ChessBase"]
[SourceQuality "1"]
[WhiteTeam "Slovakia"]
[BlackTeam "Italy"]
[WhiteTeamCountry "SVK"]
[BlackTeamCountry "ITA"]
[TimeControl "40/5400+30:1800+30"]

1. e4 c5 2. Nf3 Nc6 3. d4 cxd4 4. Nxd4 Nf6 5. Nc3 e5 6. Ndb5 d6 7. Bg5 a6 8. Na3 b5 9. Bxf6 gxf6 10. Nd5 Bg7 11. Bd3 Ne7 12. Nxe7 Qxe7 13. O-O O-O 14. c4 f5 15. Qh5 Rb8 16. exf5 e4 17. Rae1 Bb7 18. Qg4 Rfe8 19. cxb5 Kh8 20. bxa6 Ba8 21. b3 d5 22. Nb5 Rg8 23. Qh5 Rb6 24. f6 Rxf6 25. Be2 Rxa6 26. Rc1 Be5 27. a4 Rag6 28. g3 d4 29. Qh3 Bd5 30. Bc4 Bb7 31. Rfe1 e3 0-1

[Event "Mitropa Cup Women 2019"]
[Site "Radenci"]
[Date "2019.05.27"]
[Round "1.2"]
[White "Santeramo, Alessia"]
[Black "Ferkova, Dominika"]
[Result "1-0"]
[ECO "B19"]
[WhiteElo "2074"]
[BlackElo "2037"]
[Annotator "NA"]
[PlyCount "75"]
[EventDate "2019.05.27"]
[EventType "team-tourn"]
[EventCountry "SLO"]
[SourceTitle "playchess.com"]
[Source "ChessBase"]
[SourceQuality "1"]
[WhiteTeam "Italy"]
[BlackTeam "Slovakia"]
[WhiteTeamCountry "ITA"]
[BlackTeamCountry "SVK"]
[TimeControl "40/5400+30:1800+30"]

1. e4 c6 2. d4 d5 3. Nc3 dxe4 4. Nxe4 Bf5 5. Ng3 Bg6 6. h4 h6 7. Nf3 Nd7 8. h5 Bh7 9. Bd3 Bxd3 10. Qxd3 e6 11. Bd2 Ngf6 12. O-O-O Be7 13. Ne4 Nxe4 14. Qxe4 Nf6 15. Qd3 Qd5 16. c4 Qe4 17. Qb3 c5 18. Rde1 Qc6 19. Ne5 Qc7 20. d5 Bd6 21. f4 O-O-O 22. Qa3 a6 23. Ba5 b6 24. Bd2 a5 25. dxe6 fxe6 26. Qf3 Bxe5 27. Rxe5 Rhe8 28. Rhe1 Rd6 29. f5 Qc6 30. fxe6 Qxf3 31. gxf3 Re7 32. Bc3 Nh7 33. f4 Nf6 34. Kc2 Kb7 35. f5 Nxh5 36. R5e3 Nf4 37. Be5 Ng2 38. Bxd6 1-0

[Event "Mitropa Cup Women 2019"]
[Site "Radenci"]
[Date "2019.05.27"]
[Round "1.3"]
[White "Sankova, Stella"]
[Black "Andolfatto, Maria"]
[Result "0-1"]
[ECO "C43"]
[WhiteElo "2013"]
[BlackElo "2041"]
[Annotator "NA RC"]
[PlyCount "102"]
[EventDate "2019.05.27"]
[EventType "team-tourn"]
[EventCountry "SLO"]
[SourceTitle "playchess.com"]
[Source "ChessBase"]
[SourceQuality "1"]
[WhiteTeam "Slovakia"]
[BlackTeam "Italy"]
[WhiteTeamCountry "SVK"]
[BlackTeamCountry "ITA"]
[TimeControl "40/5400+30:1800+30"]

1. e4 e5 2. Nf3 Nf6 3. d4 Nxe4 4. Bd3 d5 5. Nxe5 Nd7 6. O-O Nxe5 7. dxe5 Nc5 8. Nc3 c6 9. Qf3 Qh4 10. Re1 Bg4 11. Qf4 Ne6 12. Qa4 Bc5 13. Rf1 O-O-O 14. Nd1 Nd4 15. Nc3 Qe7 16. Re1 g5 17. Bd2 b5 18. Bxb5 cxb5 19. Nxb5 Bd7 20. Qa6+ Kb8 21. Nxd4 Bxd4 22. Ba5 Qc5 23. b4 Bxf2+ 24. Kh1 Qc6 25. Qxc6 Bxc6 26. Rf1 Bb6 27. Bxb6 axb6 28. Rxf7 Rd7 29. Rf6 Kc7 30. a4 Ra8 31. a5 bxa5 32. bxa5 Re7 33. Rf5 h6 34. Kg1 Bd7 35. Rf6 Re6 36. Rxe6 Bxe6 37. Kf2 Kc6 38. Ke3 Kc5 39. a6 Kb6 40. Kd4 Ra7 41. Ra3 Rxa6 42. Rxa6+ Kxa6 43. Kc5 d4 44. g3 Kb7 45. Kd6 Bf5 46. Kd5 Bxc2 47. Kxd4 Bb3 48. e6 Bxe6 49. Ke5 Bd7 50. Kf6 g4 51. Ke5 Kc6 0-1

[Event "Mitropa Cup Women 2019"]
[Site "Radenci"]
[Date "2019.05.27"]
[Round "1.4"]
[White "Raccanello, Marianna"]
[Black "Milcova, Zuzana"]
[Result "1-0"]
[ECO "B01"]
[WhiteElo "2019"]
[BlackElo "2093"]
[Annotator "NA"]
[PlyCount "75"]
[EventDate "2019.05.27"]
[EventType "team-tourn"]
[EventCountry "SLO"]
[SourceTitle "playchess.com"]
[Source "ChessBase"]
[SourceQuality "1"]
[WhiteTeam "Italy"]
[BlackTeam "Slovakia"]
[WhiteTeamCountry "ITA"]
[BlackTeamCountry "SVK"]
[TimeControl "40/5400+30:1800+30"]

1. e4 d5 2. exd5 Nf6 3. d4 Nxd5 4. c4 Nb6 5. Nf3 Bg4 6. c5 N6d7 7. Be2 e6 8. O-O Be7 9. Nc3 O-O 10. b4 Nc6 11. b5 Na5 12. Bf4 b6 13. h3 Bf5 14. Qa4 h6 15. Rfd1 Nf6 16. Ne5 Nd5 17. Nxd5 exd5 18. Rac1 f6 19. Nf3 Nb7 20. cxb6 axb6 21. Qb3 Ra3 22. Bxc7 Qd7 23. Qb2 Rfa8 24. Rd2 R8a4 25. Bxb6 Bb4 26. Rc7 Qe6 27. Rc6 Nd6 28. Bc5 Bxd2 29. Bxa3 Qxe2 30. Bxd6 Qd1+ 31. Kh2 Ba5 32. b6 Bxb6 33. Rxb6 Rc4 34. Bf4 Be4 35. Nd2 Rc2 36. Qb4 Rxa2 37. Nxe4 dxe4 38. Qc4+ 1-0

[Event "Mitropa Cup Women 2019"]
[Site "Radenci"]
[Date "2019.05.27"]
[Round "1.5"]
[White "Pychova, Nela"]
[Black "Georgescu, Lena"]
[Result "1-0"]
[ECO "A11"]
[WhiteElo "2174"]
[BlackElo "2191"]
[Annotator "NA"]
[PlyCount "59"]
[EventDate "2019.05.27"]
[EventType "team-tourn"]
[EventCountry "SLO"]
[SourceTitle "playchess.com"]
[Source "ChessBase"]
[SourceQuality "1"]
[WhiteTeam "Czech Republic"]
[BlackTeam "Switzerland"]
[WhiteTeamCountry "CZE"]
[BlackTeamCountry "SUI"]
[TimeControl "40/5400+30:1800+30"]

1. Nf3 Nf6 2. g3 d5 3. Bg2 c6 4. O-O Bg4 5. c4 e6 6. cxd5 exd5 7. Qb3 Qb6 8. Qc2 Nbd7 9. d3 Qc5 10. Qd1 Bxf3 11. Bxf3 d4 12. Nd2 Ne5 13. Bg2 Be7 14. Qa4 b5 15. Qa6 O-O 16. Nb3 Qd6 17. Bf4 Nd5 18. Bxe5 Qxe5 19. Qxc6 Nb4 20. Qe4 Qxe4 21. Bxe4 Rac8 22. a3 Nc2 23. Rac1 Bg5 24. f4 Bf6 25. Bf5 Rc7 26. Na1 g6 27. Bh3 Re8 28. Rxc2 Rxc2 29. Nxc2 Rxe2 30. Rf2 1-0

[Event "Mitropa Cup Women 2019"]
[Site "Radenci"]
[Date "2019.05.27"]
[Round "1.6"]
[White "Hund, Barbara"]
[Black "Nemcova, Karin"]
[Result "1/2-1/2"]
[ECO "B23"]
[WhiteElo "2127"]
[BlackElo "1947"]
[Annotator "NA"]
[PlyCount "72"]
[EventDate "2019.05.27"]
[EventType "team-tourn"]
[EventCountry "SLO"]
[SourceTitle "playchess.com"]
[Source "ChessBase"]
[SourceQuality "1"]
[WhiteTeam "Switzerland"]
[BlackTeam "Czech Republic"]
[WhiteTeamCountry "SUI"]
[BlackTeamCountry "CZE"]
[TimeControl "40/5400+30:1800+30"]

1. e4 c5 2. Nc3 Nc6 3. f4 g6 4. Nf3 Bg7 5. Bb5 Nd4 6. a4 a6 7. Bc4 e6 8. d3 Ne7 9. e5 d5 10. exd6 Nef5 11. Ne4 Nxd6 12. c3 Nxf3+ 13. Qxf3 Qc7 14. a5 O-O 15. Nxd6 Qxd6 16. Be3 Bd7 17. O-O Rab8 18. Qf2 Rfc8 19. Rae1 b5 20. axb6 Qxb6 21. Re2 a5 22. Qh4 Bb5 23. f5 exf5 24. Bh6 Bxc4 25. dxc4 Re8 26. Rfe1 Rxe2 27. Rxe2 Bxh6 28. Qxh6 Qd6 29. Qe3 a4 30. g3 Kg7 31. h4 h5 32. Kf2 Rd8 33. Qf3 Qd7 34. Qe3 Qd6 35. Qf3 Qd3 36. Qf4 Qd6 1/2-1/2

[Event "Mitropa Cup Women 2019"]
[Site "Radenci"]
[Date "2019.05.27"]
[Round "1.7"]
[White "Koubova, Anna Marie"]
[Black "Hund, Sarah"]
[Result "1/2-1/2"]
[ECO "E11"]
[WhiteElo "1975"]
[BlackElo "2016"]
[Annotator "NA RC"]
[PlyCount "108"]
[EventDate "2019.05.27"]
[EventType "team-tourn"]
[EventCountry "SLO"]
[SourceTitle "playchess.com"]
[Source "ChessBase"]
[SourceQuality "1"]
[WhiteTeam "Czech Republic"]
[BlackTeam "Switzerland"]
[WhiteTeamCountry "CZE"]
[BlackTeamCountry "SUI"]
[TimeControl "40/5400+30:1800+30"]

1. d4 Nf6 2. c4 e6 3. Nf3 Bb4+ 4. Bd2 Qe7 5. g3 Bxd2+ 6. Qxd2 Nc6 7. Nc3 d5 8. Bg2 dxc4 9. e4 O-O 10. Qe2 e5 11. d5 Nd4 12. Qd2 Nxf3+ 13. Bxf3 Rd8 14. O-O c6 15. Qe2 Bh3 16. Rfc1 b5 17. dxc6 Qc5 18. a4 a6 19. c7 Rdc8 20. Nd5 Ne8 21. Qe3 Qxe3 22. fxe3 Nxc7 23. Nb6 Kf8 24. axb5 axb5 25. Rxa8 Nxa8 26. Nxc8 Bxc8 27. Rd1 Ke7 28. Rd5 Nc7 29. Rxe5+ Kd6 30. Rh5 Be6 31. Rxh7 g6 32. Kf1 Na6 33. Rh8 b4 34. Rd8+ Kc5 35. Ke1 Kb5 36. Kd2 Nc5 37. Rb8+ Ka4 38. Bd1+ Ka5 39. Bc2 Nd7 40. Ra8+ Kb6 41. Ba4 Nc5 42. Rb8+ Nb7 43. Bc2 Kc7 44. Rf8 Nc5 45. h4 Nd7 46. Ra8 Ne5 47. Ra5 c3+ 48. Kc1 Nc4 49. Rc5+ Kd6 50. Rxc4 Bxc4 51. bxc3 bxc3 52. Bd1 Bd3 53. Bc2 Bc4 54. Bd1 Bd3 1/2-1/2

[Event "Mitropa Cup Women 2019"]
[Site "Radenci"]
[Date "2019.05.27"]
[Round "1.8"]
[White "Pellicoro, Nathalie"]
[Black "Pribylova, Sofie"]
[Result "0-1"]
[ECO "B24"]
[WhiteElo "1893"]
[BlackElo "2069"]
[Annotator "NA"]
[PlyCount "76"]
[EventDate "2019.05.27"]
[EventType "team-tourn"]
[EventCountry "SLO"]
[SourceTitle "playchess.com"]
[Source "ChessBase"]
[SourceQuality "1"]
[WhiteTeam "Switzerland"]
[BlackTeam "Czech Republic"]
[WhiteTeamCountry "SUI"]
[BlackTeamCountry "CZE"]
[TimeControl "40/5400+30:1800+30"]

1. e4 c5 2. Nc3 Nc6 3. f4 g6 4. Nf3 Bg7 5. g3 e6 6. Bg2 Nge7 7. O-O O-O 8. d3 b6 9. Be3 Bb7 10. d4 cxd4 11. Nxd4 d5 12. e5 Nxd4 13. Bxd4 Nc6 14. Bf2 Rc8 15. Re1 Qd7 16. Ne2 Rfd8 17. c3 Bf8 18. Nd4 a6 19. Rc1 b5 20. Nb3 b4 21. Nc5 Bxc5 22. Bxc5 bxc3 23. Rxc3 h5 24. h3 Ne7 25. g4 hxg4 26. hxg4 d4 27. Bxb7 Qxb7 28. Rb3 Qd7 29. Bb6 d3 30. Re3 d2 31. Rec3 Nd5 32. Bxd8 Nxc3 33. bxc3 Rxd8 34. Rb2 Qa7+ 35. Kg2 Qe3 36. f5 exf5 37. gxf5 Qe4+ 38. Kg1 Qe1+ 0-1

[Event "Mitropa Cup Women 2019"]
[Site "Radenci"]
[Date "2019.05.27"]
[Round "1.9"]
[White "Medic, Mirjana"]
[Black "Ragger, Anna-Christina"]
[Result "1/2-1/2"]
[ECO "D30"]
[WhiteElo "2253"]
[BlackElo "2272"]
[Annotator "NA RC"]
[PlyCount "120"]
[EventDate "2019.05.27"]
[EventType "team-tourn"]
[EventCountry "SLO"]
[SourceTitle "playchess.com"]
[Source "ChessBase"]
[SourceQuality "1"]
[WhiteTeam "Croatia"]
[BlackTeam "Austria"]
[WhiteTeamCountry "CRO"]
[BlackTeamCountry "AUT"]
[TimeControl "40/5400+30:1800+30"]

1. d4 d5 2. Nf3 e6 3. c4 a6 4. cxd5 exd5 5. Qc2 Nf6 6. Bg5 Be6 7. Nc3 Nbd7 8. e3 Bd6 9. Bd3 c6 10. h3 Qc7 11. Bf5 Bxf5 12. Qxf5 g6 13. Qc2 h6 14. Bxf6 Nxf6 15. O-O-O O-O-O 16. Kb1 Kb8 17. Nd2 Rhe8 18. Nb3 Bb4 19. Na4 Bf8 20. Nac5 Ne4 21. Nd3 b6 22. Rc1 Rc8 23. f3 Ng3 24. Rhe1 Kb7 25. Qf2 Bg7 26. Nf4 Nf5 27. Nxd5 Qd6 28. Nc3 Qb4 29. Ne4 a5 30. Rc3 a4 31. a3 Qf8 32. Nc1 c5 33. g4 Nxd4 34. exd4 Bxd4 35. Qg3 Be5 36. f4 Bxc3 37. Nxc3 Rxe1 38. Qxe1 Qe8 39. Qh1+ Qc6 40. Qf1 Rd8 41. Qc4 f5 42. gxf5 gxf5 43. Qf7+ Qd7 44. Qf6 Re8 45. Qxh6 Re1 46. Kc2 Rh1 47. Qh5 Rh2+ 48. N1e2 b5 49. Qf3+ Qc6 50. Qg3 Rg2 51. Qd3 b4 52. Nd5 bxa3 53. bxa3 Rxe2+ 54. Qxe2 Qxd5 55. Qb5+ Kc7 56. Qa5+ Kb7 57. Qxa4 Qg2+ 58. Kb1 Qf1+ 59. Kb2 Qf2+ 60. Kb1 Qf1+ 1/2-1/2

[Event "Mitropa Cup Women 2019"]
[Site "Radenci"]
[Date "2019.05.27"]
[Round "1.10"]
[White "Newrkla, Katharina"]
[Black "Cvitan, Ena"]
[Result "0-1"]
[ECO "B11"]
[WhiteElo "2190"]
[BlackElo "2132"]
[Annotator "NA RC"]
[PlyCount "108"]
[EventDate "2019.05.27"]
[EventType "team-tourn"]
[EventCountry "SLO"]
[SourceTitle "playchess.com"]
[Source "ChessBase"]
[SourceQuality "1"]
[WhiteTeam "Austria"]
[BlackTeam "Croatia"]
[WhiteTeamCountry "AUT"]
[BlackTeamCountry "CRO"]
[TimeControl "40/5400+30:1800+30"]

1. e4 c6 2. Nf3 d5 3. Nc3 dxe4 4. Nxe4 Nf6 5. Qe2 Nxe4 6. Qxe4 Qa5 7. Bc4 Qf5 8. Qe2 e6 9. d4 Be7 10. Ne5 g5 11. Bd3 Qf6 12. Bd2 Nd7 13. O-O-O Nxe5 14. dxe5 Qg7 15. f4 gxf4 16. Rhf1 Bd7 17. Rxf4 O-O-O 18. Qf2 Qxe5 19. Qxa7 f6 20. Ra4 Bc5 21. Qa8+ Qb8 22. Rf1 Be7 23. Qa5 b5 24. Rh4 f5 25. Rh6 Qb7 26. a4 Rhg8 27. Rxh7 Bc5 28. Qc3 Qa7 29. Kb1 Bd4 30. Qb4 Bc5 31. Qa5 Rxg2 32. axb5 cxb5 33. Qxa7 Bxa7 34. Bf4 Bd4 35. Re1 e5 36. Bxe5 Re8 37. Bxd4 Rxe1+ 38. Ka2 Rg4 39. Rh8+ Kc7 40. c3 Be6+ 41. Ka3 Rxd4 42. cxd4 Re3 43. Kb4 Rxd3 44. Kxb5 Rxd4 45. h4 f4 46. Rf8 Kd6 47. h5 Ke5 48. h6 Rd7 49. b4 Rh7 50. Kc5 Rxh6 51. b5 Rf6 52. Rh8 Bd7 53. Rh7 Bxb5 54. Kxb5 f3 0-1

[Event "Mitropa Cup Women 2019"]
[Site "Radenci"]
[Date "2019.05.27"]
[Round "1.11"]
[White "Blazeka, Mihaela"]
[Black "Hapala, Elisabeth"]
[Result "1-0"]
[ECO "B44"]
[WhiteElo "2118"]
[BlackElo "2122"]
[Annotator "NA RC"]
[PlyCount "113"]
[EventDate "2019.05.27"]
[EventType "team-tourn"]
[EventCountry "SLO"]
[SourceTitle "playchess.com"]
[Source "ChessBase"]
[SourceQuality "1"]
[WhiteTeam "Croatia"]
[BlackTeam "Austria"]
[WhiteTeamCountry "CRO"]
[BlackTeamCountry "AUT"]
[TimeControl "40/5400+30:1800+30"]

1. e4 c5 2. Nf3 e6 3. c4 Nc6 4. d4 cxd4 5. Nxd4 Nf6 6. Nc3 Bb4 7. Nxc6 dxc6 8. Qxd8+ Kxd8 9. e5 Nd7 10. f4 Bxc3+ 11. bxc3 b6 12. Be2 Kc7 13. Be3 Bb7 14. Bf3 Ba6 15. Be2 c5 16. a4 Rad8 17. Rd1 Nb8 18. Rxd8 Rxd8 19. O-O g6 20. g4 Nc6 21. f5 gxf5 22. gxf5 Rg8+ 23. Kh1 Bb7 24. Bf3 exf5 25. Bd5 Ne7 26. Bxb7 Kxb7 27. h4 Kc7 28. Bg5 Kd7 29. Rd1+ Ke8 30. a5 Rg6 31. Bf6 Rg4 32. axb6 axb6 33. Rd6 Rxc4 34. Rxb6 Nc8 35. Rb8 Kd7 36. Rb7+ Kc6 37. Rxf7 Rxc3 38. Bd8 Nb6 39. Rf6+ Kd5 40. Rxb6 Rc1+ 41. Kg2 Kxe5 42. Bg5 Rc2+ 43. Kf3 Rc3+ 44. Ke2 Ra3 45. Rc6 Kd5 46. Rxc5+ Ke4 47. Rc4+ Ke5 48. Be3 Ra2+ 49. Kf3 Ra3 50. Rc5+ Ke6 51. Rc7 h5 52. Rh7 Kf6 53. Rxh5 Kg6 54. Rh6+ Kg7 55. Rd6 Rb3 56. Kf4 Rb4+ 57. Bd4+ 1-0

[Event "Mitropa Cup Women 2019"]
[Site "Radenci"]
[Date "2019.05.27"]
[Round "1.12"]
[White "Schloffer, Jasmin-Denise"]
[Black "Spiranec, Noemi"]
[Result "1/2-1/2"]
[ECO "E36"]
[WhiteElo "2133"]
[BlackElo "2009"]
[Annotator "NA"]
[PlyCount "68"]
[EventDate "2019.05.27"]
[EventType "team-tourn"]
[EventCountry "SLO"]
[SourceTitle "playchess.com"]
[Source "ChessBase"]
[SourceQuality "1"]
[WhiteTeam "Austria"]
[BlackTeam "Croatia"]
[WhiteTeamCountry "AUT"]
[BlackTeamCountry "CRO"]
[TimeControl "40/5400+30:1800+30"]

1. d4 Nf6 2. c4 e6 3. Nc3 Bb4 4. Qc2 O-O 5. a3 Bxc3+ 6. Qxc3 d5 7. Bg5 dxc4 8. Qxc4 b6 9. Nf3 Ba6 10. Qc2 c5 11. Rd1 cxd4 12. Nxd4 Nbd7 13. e3 Bxf1 14. Kxf1 Rc8 15. Qe2 Qc7 16. Nb5 Qc2 17. Nc3 Qxe2+ 18. Kxe2 Ne5 19. Rd4 Nc4 20. Bxf6 gxf6 21. Ne4 Kg7 22. Nd6 Nxd6 23. Rxd6 Rc2+ 24. Rd2 Rfc8 25. Rhd1 f5 26. Rxc2 Rxc2+ 27. Rd2 Rc1 28. f4 Rh1 29. h3 Rc1 30. Kf3 Rf1+ 31. Ke2 Rc1 32. Kf3 Rf1+ 33. Ke2 Rc1 34. Kf3 Rf1+ 1/2-1/2

[Event "Mitropa Cup Women 2019"]
[Site "Radenci"]
[Date "2019.05.27"]
[Round "1.14"]
[White "Janzelj, Lara"]
[Black "Afraoui, Anaelle"]
[Result "0-1"]
[ECO "E93"]
[WhiteElo "2203"]
[BlackElo "2068"]
[Annotator "NA"]
[PlyCount "84"]
[EventDate "2019.05.27"]
[EventType "team-tourn"]
[EventCountry "SLO"]
[SourceTitle "playchess.com"]
[Source "ChessBase"]
[SourceQuality "1"]
[WhiteTeam "Slovenia"]
[BlackTeam "France"]
[WhiteTeamCountry "SLO"]
[BlackTeamCountry "FRA"]
[TimeControl "40/5400+30:1800+30"]

1. d4 Nf6 2. c4 d6 3. Nf3 g6 4. Nc3 Bg7 5. e4 O-O 6. Be2 Nbd7 7. Be3 e5 8. d5 Ng4 9. Bg5 f6 10. Bc1 f5 11. exf5 gxf5 12. Ng5 Ndf6 13. h3 Nh6 14. Bd2 c6 15. Qb3 f4 16. c5 cxd5 17. Nxd5 Nxd5 18. Qxd5+ Kh8 19. h4 dxc5 20. Qxc5 Bf5 21. Bc3 b6 22. Qb5 Qf6 23. O-O Nf7 24. Bf3 Rac8 25. Rad1 Rc5 26. Qe2 Nxg5 27. hxg5 Qxg5 28. Bb4 Rc2 29. Rd2 Rxd2 30. Bxd2 e4 31. Bxe4 Re8 32. f3 Bd4+ 33. Rf2 Bxe4 34. fxe4 f3 35. Qxf3 Qxd2 36. Qf6+ Bxf6 37. Rxd2 Rxe4 38. Rd7 Bd4+ 39. Kh2 a5 40. b3 Bc5 41. Rb7 Re2 42. a3 Rb2 0-1

[Event "Mitropa Cup Women 2019"]
[Site "Radenci"]
[Date "2019.05.27"]
[Round "1.15"]
[White "Choisy, Mathilde"]
[Black "Urh, Zala"]
[Result "1/2-1/2"]
[ECO "C45"]
[WhiteElo "2113"]
[BlackElo "2099"]
[Annotator "NA"]
[PlyCount "60"]
[EventDate "2019.05.27"]
[EventType "team-tourn"]
[EventCountry "SLO"]
[SourceTitle "playchess.com"]
[Source "ChessBase"]
[SourceQuality "1"]
[WhiteTeam "France"]
[BlackTeam "Slovenia"]
[WhiteTeamCountry "FRA"]
[BlackTeamCountry "SLO"]
[TimeControl "40/5400+30:1800+30"]

1. e4 e5 2. Nf3 Nc6 3. d4 exd4 4. Nxd4 Bc5 5. Nb3 Bb6 6. Nc3 Nf6 7. Qe2 O-O 8. Bg5 Bd4 9. Nxd4 Nxd4 10. Qd2 Ne6 11. Bh4 Nxe4 12. Bxd8 Nxd2 13. Bxc7 Nxf1 14. Bd6 Re8 15. Rxf1 Nc5+ 16. Kd2 Ne4+ 17. Nxe4 Rxe4 18. Rae1 Re6 19. Rxe6 dxe6 20. c4 b6 21. Ke3 Bb7 22. g3 Rd8 23. Rd1 e5 24. Rd2 f6 25. b3 Kf7 26. h4 Ke6 27. Bb4 Rxd2 28. Bxd2 Bc6 29. Bc3 Be8 30. a4 Bc6 1/2-1/2

[Event "Mitropa Cup Women 2019"]
[Site "Radenci"]
[Date "2019.05.27"]
[Round "1.16"]
[White "Kuhar, Larisa"]
[Black "Djidjeli, Sarah"]
[Result "1/2-1/2"]
[ECO "B32"]
[WhiteElo "1930"]
[BlackElo "2012"]
[Annotator "NA"]
[PlyCount "74"]
[EventDate "2019.05.27"]
[EventType "team-tourn"]
[EventCountry "SLO"]
[SourceTitle "playchess.com"]
[Source "ChessBase"]
[SourceQuality "1"]
[WhiteTeam "Slovenia"]
[BlackTeam "France"]
[WhiteTeamCountry "SLO"]
[BlackTeamCountry "FRA"]
[TimeControl "40/5400+30:1800+30"]

1. e4 c5 2. Nf3 Nc6 3. d4 cxd4 4. Nxd4 e5 5. Nb5 d6 6. N1c3 a6 7. Na3 Be7 8. Nc4 b5 9. Ne3 Nf6 10. g3 O-O 11. Bg2 b4 12. Ncd5 Nxd5 13. Nxd5 Bg5 14. Bxg5 Qxg5 15. O-O Rb8 16. Qd3 a5 17. f4 exf4 18. gxf4 Qd8 19. f5 f6 20. Rf4 Ne5 21. Qb3 Rf7 22. Rh4 Bb7 23. Nf4 Rc8 24. Kh1 Qc7 25. Qh3 Qxc2 26. Rxh7 Kf8 27. Ng6+ Ke8 28. Qh5 Nxg6 29. fxg6 Rf8 30. Rxg7 Bxe4 31. Qb5+ Rc6 32. Rg1 Bxg2+ 33. Rxg2 Qd1+ 34. Rg1 Qf3+ 35. Rg2 Qd1+ 36. Rg1 Qf3+ 37. Rg2 Qd1+ 1/2-1/2

[Event "Mitropa Cup Women 2019"]
[Site "Radenci"]
[Date "2019.05.28"]
[Round "2.1"]
[White "Ragger, Anna-Christina"]
[Black "Navrotescu, Andreea-Cristiana"]
[Result "1/2-1/2"]
[ECO "C03"]
[WhiteElo "2272"]
[BlackElo "2233"]
[Annotator "ChessBase"]
[PlyCount "113"]
[EventDate "2019.05.27"]
[EventType "team-tourn"]
[EventCountry "SLO"]
[SourceTitle "playchess.com"]
[Source "ChessBase"]
[SourceQuality "1"]
[TimeControl "40/5400+30:1800+30"]

1. e4 e6 2. d4 d5 3. Nd2 h6 4. c3 c5 5. exd5 exd5 6. Bb5+ Nc6 7. Ngf3 Qe7+ 8. Qe2 Qxe2+ 9. Kxe2 a6 10. Bxc6+ bxc6 11. Re1 cxd4 12. Kf1+ Be6 13. Nxd4 Kd7 14. N2f3 Bd6 15. Ne5+ Bxe5 16. Rxe5 Ne7 17. b3 g5 18. Ba3 Ng6 19. Re3 a5 20. Bc5 a4 21. bxa4 Ra5 22. Bb4 Rxa4 23. a3 Re8 24. Nb3 Raa8 25. Nc5+ Kc7 26. a4 Bg4 27. Rxe8 Rxe8 28. f3 Bf5 29. a5 Ne5 30. a6 Nc4 31. g4 Bg6 32. Kf2 Kb6 33. Nb3 Bc2 34. Nc5 Bg6 35. Nb3 Bc2 36. Bc5+ Kb5 37. Nd4+ Kxc5 38. Nxc2 Kb6 39. Nd4 Ra8 40. Nf5 Rxa6 41. Rxa6+ Kxa6 42. Nxh6 Nd6 43. f4 gxf4 44. h4 Kb5 45. h5 Kc4 46. Nf5 Ne4+ 47. Kf3 Kxc3 48. Ne7 Ng5+ 49. Kxf4 Ne6+ 50. Ke5 d4 51. Nf5 d3 52. Ne3 d2 53. h6 Kd3 54. Nd1 Kc2 55. Ne3+ Kd3 56. Nd1 Kc2 57. Ne3+ 1/2-1/2

[Event "Mitropa Cup Women 2019"]
[Site "Radenci"]
[Date "2019.05.28"]
[Round "2.2"]
[White "Afraoui, Anaelle"]
[Black "Newrkla, Katharina"]
[Result "1-0"]
[ECO "B93"]
[WhiteElo "2068"]
[BlackElo "2190"]
[Annotator "ChessBase"]
[PlyCount "83"]
[EventDate "2019.05.27"]
[EventType "team-tourn"]
[EventCountry "SLO"]
[SourceTitle "playchess.com"]
[Source "ChessBase"]
[SourceQuality "1"]
[TimeControl "40/5400+30:1800+30"]

1. e4 c5 2. Nf3 d6 3. d4 cxd4 4. Nxd4 Nf6 5. Nc3 a6 6. f4 e5 7. Nf3 Nbd7 8. a4 Be7 9. Bc4 O-O 10. Qe2 exf4 11. O-O Ne5 12. Bb3 Be6 13. Bxf4 Nxf3+ 14. Qxf3 Bxb3 15. cxb3 b5 16. Rad1 Qb6+ 17. Be3 Qb7 18. Bd4 b4 19. Nd5 Nxd5 20. exd5 Rae8 21. Qg4 f6 22. Qe6+ Rf7 23. Rc1 Ra8 24. Rc6 Bf8 25. Rb6 Qe7 26. Rxb4 Qxe6 27. dxe6 Rc7 28. Re1 Be7 29. Rb6 h5 30. Kf2 Rc2+ 31. Re2 Rc1 32. Rb7 Kf8 33. b4 Rc4 34. Ke3 d5 35. b5 Rxa4 36. Rc2 Rc4 37. Rxc4 dxc4 38. bxa6 Rxa6 39. Rb8+ Bd8 40. Rxd8+ Ke7 41. Rd7+ Kxe6 42. Rxg7 1-0

[Event "Mitropa Cup Women 2019"]
[Site "Radenci"]
[Date "2019.05.28"]
[Round "2.3"]
[White "Schloffer, Jasmin-Denise"]
[Black "Choisy, Mathilde"]
[Result "1/2-1/2"]
[ECO "B07"]
[WhiteElo "2133"]
[BlackElo "2113"]
[Annotator "ChessBase"]
[PlyCount "80"]
[EventDate "2019.05.27"]
[EventType "team-tourn"]
[EventCountry "SLO"]
[SourceTitle "playchess.com"]
[Source "ChessBase"]
[SourceQuality "1"]
[TimeControl "40/5400+30:1800+30"]

1. d4 Nf6 2. Bf4 d6 3. Nc3 g6 4. e4 Bg7 5. Qd2 c6 6. Bh6 Bxh6 7. Qxh6 Qa5 8. Bd3 b5 9. O-O-O b4 10. Nb1 Ba6 11. e5 dxe5 12. dxe5 Qxe5 13. Nf3 Qh5 14. Qd2 Bxd3 15. Qxd3 O-O 16. h3 Nbd7 17. g4 Qc5 18. g5 Nd5 19. h4 N7b6 20. Nd4 e5 21. Nf3 Rad8 22. Qe4 Rfe8 23. h5 Qc4 24. Qxc4 Nxc4 25. hxg6 fxg6 26. Nbd2 Nxd2 27. Nxd2 e4 28. Rh4 e3 29. fxe3 Rxe3 30. Ne4 Re8 31. Rxd5 R3xe4 32. Rxe4 Rxe4 33. Rd8+ Kf7 34. Rc8 Re5 35. Rc7+ Kg8 36. Rc8+ Kg7 37. Rc7+ Kg8 38. Rc8+ Kf7 39. Rc7+ Kg8 40. Rc8+ Kf7 1/2-1/2

[Event "Mitropa Cup Women 2019"]
[Site "Radenci"]
[Date "2019.05.28"]
[Round "2.4"]
[White "Djidjeli, Sarah"]
[Black "Froewis, Annika"]
[Result "1/2-1/2"]
[ECO "C78"]
[WhiteElo "2012"]
[BlackElo "2089"]
[Annotator "NA"]
[PlyCount "106"]
[EventDate "2019.05.27"]
[EventType "team-tourn"]
[EventCountry "SLO"]
[SourceTitle "playchess.com"]
[Source "ChessBase"]
[SourceQuality "1"]
[TimeControl "40/5400+30:1800+30"]

1. e4 e5 2. Nf3 Nc6 3. Bb5 a6 4. Ba4 Nf6 5. O-O b5 6. Bb3 Bc5 7. c3 d6 8. d4 Bb6 9. a4 Rb8 10. a5 {[%emt 0:00:39] C78: Ruy Lopez: Archangelsk and Möller Defences} Ba7 11. Be3 Ra8 12. dxe5 Nxe5 13. Nxe5 dxe5 14. Qxd8+ Kxd8 15. Bxa7 Rxa7 16. Bxf7 Nxe4 {[%emt 0:04:10] [#]} 17. Re1 $146 ({Predecessor:} 17. Bd5 Nf6 {½-½ (60) Harikrishna,P (2730)-Maghsoodloo,P (2671) Malmo 2019}) 17... Bb7 18. Bh5 Nc5 19. b4 Nd7 20. Nd2 Bd5 21. Rad1 c6 22. Bg4 Nf6 23. Bf5 g6 24. Ne4 Ke7 25. Nxf6 Kxf6 26. Be4 Rd7 27. Rd3 Rhd8 28. Rf3+ Ke6 29. Bxd5+ Rxd5 30. Rfe3 g5 31. Rh3 Rd3 32. Rh6+ Kd5 33. Kf1 Rd2 34. Rxh7 Kc4 35. Re3 Rd1+ 36. Ke2 R1d2+ 37. Kf1 Rd1+ 38. Ke2 R1d2+ 39. Kf3 Rf8+ 40. Ke4 Rfxf2 41. Rh6 c5 42. Rc6 Rxg2 43. Rxc5+ Kb3 44. Rxe5 Rxh2 45. Rxg5 Rh4+ 46. Ke5 Rh6 47. Ke4 Re6+ 48. Re5 Rc6 49. Rd5 {[%emt 0:03:20] [#]} Re6+ 50. Re5 Rc6 51. Rd5 {[%emt 0:00:07] [#]} Re6+ 52. Re5 $11 Rc6 53. Rd5 Rc2 $1 $17 1/2-1/2